 Dungeon Crawl Stone Soup version 0.29-a0-559-g359e09b9d1 (webtiles) character file.

Game seed: 9987881582703389672

188 spaghetti the Sneak (level 5, -4/33 HPs)
             Began as a Gnoll Wanderer on June 9, 2022.
             Slain by a steam dragon (5 damage)
             ... on level 4 of the Dungeon.
             The game lasted 00:05:06 (3695 turns).

spaghetti the Sneak (Gnoll Wanderer)                Turns: 3695, Time: 00:05:07

Health: -4/33      AC:  3    Str:  8    XL:     5   Next: 67%
Magic:  2/7        EV: 13    Int: 10    God:
Gold:   116        SH:  0    Dex: 18    Spells: 0/7 levels left

rFire   + . .      SeeInvis +   s - staff of conjuration {!a@e2staff}
rCold   . . .      Faith    .   (no shield)
rNeg    . . .      Spirit   .   e - +0 robe
rPois   .          Reflect  .   d - +0 helmet
rElec   .          Harm     .   (no cloak)
rCorr   .          Rampage  .   (no gloves)
Will    .....                   (no boots)
Stlth   ++++......              (no amulet)
HPRegen 0.11/turn               f - ring of protection from fire
MPRegen 0.10/turn               i - ring of see invisible

@: about to teleport, flying
A: fangs 1, strong nose, distributed training, talons 1, frail 1
a: no special abilities


You were on level 4 of the Dungeon.
You visited 1 branch of the dungeon, and saw 4 of its levels.

You collected 136 gold pieces.
You spent 20 gold pieces at shops.


Innate Abilities, Weirdness & Mutations

You have very sharp teeth.
Your uncanny sense of smell can sniff out nearby items.
Your experience applies equally to all skills.
You have sharp toenails.
You are frail. (-10% HP)


   Skills:
 + Level 1.6 Fighting
 + Level 3.0 Short Blades
 + Level 1.6 Long Blades
 + Level 1.6 Axes
 + Level 1.6 Maces & Flails
 + Level 1.6 Polearms
 + Level 1.6 Staves
 + Level 1.6 Slings
 + Level 1.6 Bows
 + Level 1.6 Crossbows
 + Level 1.6 Throwing
 + Level 3.0 Armour
 + Level 3.0 Dodging
 + Level 7.9 Stealth
 + Level 1.6 Shields
 + Level 1.6 Unarmed Combat
 + Level 1.6 Spellcasting
 + Level 1.2 Conjurations
 + Level 1.2 Hexes
 + Level 1.2 Summonings
 + Level 1.2 Necromancy
 + Level 1.2 Translocations
 + Level 1.2 Transmutations
 + Level 1.2 Fire Magic
 + Level 1.2 Ice Magic
 + Level 1.2 Air Magic
 + Level 1.2 Earth Magic
 + Level 1.2 Poison Magic
 + Level 3.1 Invocations
 + Level 4.8 Evocations


You couldn't memorise any spells.
You knew the following spells:

 Your Spells              Type           Power      Damage    Failure   Level
a - Stone Arrow           Conj/Erth      10%        3d7       50%         3
b - Sticky Flame          Conj/Fire      5%         2d3       88%         4

Your spell library contained the following spells:

 Spells                   Type           Power      Damage    Failure   Level
 Apportation              Tloc           6%         N/A       19%         1
 Necrotize                Necr           12%        1d4       19%         1
 Sandblast                Erth           6%         2d5       19%         1
 Slow                     Hex            12%        N/A       19%         1
 Summon Small Mammal      Summ           12%        N/A       19%         1
 Passwall                 Tmut/Erth      2%         N/A       28%         2
 Static Discharge         Conj/Air       5%         N/A       28%         2
 Confusing Touch          Hex            3%         N/A       50%         3
 Gell's Gravitas          Tloc           3%         N/A       50%         3
 Lesser Beckoning         Tloc           3%         N/A       50%         3
 Teleport Other           Tloc           3%         N/A       50%         3
 Vampiric Draining        Necr           3%         2d6       50%         3
 Dispel Undead            Necr           3%         3d7       88%         4

Inventory:

Hand Weapons
 a - a +2 dagger {short}
 c - a +0 short sword {short}
Missiles
 g - 36 stones (quivered) {throwing}
 k - 3 poisoned darts {throwing}
 u - 6 atropa-tipped darts {throwing}
Armour
 d - a +0 helmet (worn)
   (You took it off Robin on level 3 of the Dungeon)
 e - a +0 robe (worn)
Magical Staves
 s - a staff of conjuration (weapon) {!a@e2staff}
   (You found it on level 3 of the Dungeon)
Jewellery
 f - a ring of protection from fire (left hand)
   (You found it on level 3 of the Dungeon)
 i - a ring of see invisible (right hand)
   (You found it on level 2 of the Dungeon)
Scrolls
 h - a scroll of silence {!r}
 j - a scroll of poison {!r}
 l - a scroll of magic mapping {!r}
 q - a scroll of amnesia {unknown}
 v - a scroll of identify {@r1}
 x - a scroll of summoning {unknown}

Dungeon Overview and Level Annotations

Branches:
Dungeon (4/15)
 Temple: D:4-7

Altars:
Ashenzari

Shops:
D:2

? *## * *.# ****** *.##
**,*,** #####**..####*
*,***,*
#....##§§...,****,* *,,
#...§§§D§#****,,,** **,
*** ***#§§@#,** ***,,*
*, *****,*** ##§##,,*
*,,****, *,,,,,,,####
#§.#**.# *,,,,,,,
*,,,,,,*#..###.## *.##
#..,,,,,
******,**#.....#
*..#####..,*,,, *,*
#.....# ##........##***,
*,*##.##..###..#*,.....#
**
*,*#..........##**#....#
* **#...###........#
#....# *


You could see a steam dragon.


Message History

You are very lightly contaminated with residual magic.
Nothing appears to happen.
The steam dragon breathes steam at you. The ball of steam hits you!
You resist. 😕 HP[-7] MP[-3]
You take 7 damage, and now have 28/37 hp.
You lost 3 mp, and now have 4/7 mp.
Casting: Stone Arrow (quite dangerous; 50% risk of failure)
Confirm with . or Enter, or press ? or * to list all spells.
The spell is quite dangerous to miscast (50% risk of failure)!
Continue anyway?
Aiming: Stone Arrow (quite dangerous; 50% risk of failure)
Press: ? - help, Shift-Dir - straight line, f/p - steam dragon
Aim: a steam dragon (lightly wounded, catching its breath, 64% to hit)
You feel a surge of power!
The stone arrow hits the steam dragon!
The steam dragon bites you.
The steam dragon closely misses you. 😮 HP[-6] MP[-3]
You take 6 damage, and now have 22/37 hp.
You lost 3 mp, and now have 1/7 mp.
You aren't carrying any items that you can evoke.
It was a potion of heal wounds.
You feel much better. The steam dragon closely misses you.
The steam dragon claws you but does no damage. 😎 HP[+15]
Your hp is fully restored (37).
You hit the steam dragon but do no damage.
The steam dragon breathes steam at you. The ball of steam hits you.
You resist. 😕 HP[-5]
You take 5 damage, and now have 32/37 hp.
You hit the steam dragon but do no damage.
The steam dragon bites you! The steam dragon claws you.
The steam dragon completely misses you. x2 😮 HP[-9]
You take 9 damage, and now have 23/37 hp.
MASSIVE DAMAGE!! (PAUSE)
You hit the steam dragon but do no damage.
The steam dragon bites you.
The steam dragon closely misses you. 😮 HP[-2]
You take 2 damage, and now have 21/37 hp.
You hit the steam dragon but do no damage.
The steam dragon breathes steam at you. The ball of steam misses you.
Unknown command.
Unknown command.
You hit the steam dragon but do no damage.
The steam dragon bites you.
* * * LOW HITPOINT WARNING * * *
The steam dragon barely misses you. 😨 HP[-6]
You take 6 damage, and now have 15/37 hp.
Unknown command.
Unknown command.
It was a potion of cancellation.
You feel magically purged.
Your magical contamination has completely faded away.
The steam dragon bites you.
* * * LOW HITPOINT WARNING * * *
The steam dragon barely misses you. 😱 HP[-6] MP[+1]
You take 6 damage, and now have 9/37 hp.
Unknown command.
It was a potion of mutation.
You feel extremely strange.
You feel robust.
You feel frail. x2; Your toenails lengthen and sharpen.
The steam dragon barely misses you. The steam dragon closely misses you.
You now have 33 max hp (-4).
Unknown command.
It was a potion of flight.
You feel very buoyant.
You fly up into the air.
The steam dragon misses you. x2
Unknown command.
You aren't carrying any items that you can evoke.
Okay, then.
You aren't carrying any potions.
As you read the scroll labelled CIHUESA UHIATH, it crumbles to dust.
You feel aware of your surroundings.
You sensed 3 altars.
It was a scroll of magic mapping.
The steam dragon breathes steam at you. The ball of steam hits you. You resist.
* * * LOW HITPOINT WARNING * * *
😱 HP[-3]
You take 3 damage, and now have 6/33 hp.
You aren't carrying any potions.
As you read the scroll labelled EXKUITWURPHO, it crumbles to dust.
You hear a loud clanging noise!
It was a scroll of noise.
You hear a bark!
The steam dragon closely misses you. The steam dragon claws you.
* * * LOW HITPOINT WARNING * * *
😱 HP[-3]
You take 3 damage, and now have 3/33 hp.
As you read the scroll labelled VORORE BUMPI, it crumbles to dust.
The scroll dissolves into smoke.
It was a scroll of fog.
The steam dragon bites you.
* * * LOW HITPOINT WARNING * * *
The steam dragon barely misses you. 😱 HP[-2]
You take 2 damage, and now have 1/33 hp.
As you read the scroll labelled DAIPRAIRIA, it crumbles to dust.
You feel strangely unstable.
It was a scroll of teleportation.
The steam dragon bites you.
You die...

Skill      XL: |  1  2  3  4  5 |
---------------+----------------+-----
Fighting       | 1 |  1.6
Long Blades    | 1 |  1.6
Axes           | 1 |  1.6
Maces & Flails | 1 |  1.6
Polearms       | 1 |  1.6
Staves         | 1 |  1.6
Slings         | 1 |  1.6
Bows           | 1 |  1.6
Crossbows      | 1 |  1.6
Throwing       | 1 |  1.6
Shields        | 1 |  1.6
Unarmed Combat | 1 |  1.6
Spellcasting   | 1 |  1.6
Conjurations   | 1 |  1.2
Hexes          | 1 |  1.2
Summonings     | 1 |  1.2
Necromancy     | 1 |  1.2
Translocations | 1 |  1.2
Transmutations | 1 |  1.2
Fire Magic     | 1 |  1.2
Ice Magic      | 1 |  1.2
Air Magic      | 1 |  1.2
Earth Magic    | 1 |  1.2
Poison Magic   | 1 |  1.2
Invocations    | 3 |  3.1
Short Blades   | 3 |  3.0
Armour         | 3 |  3.0
Dodging        | 3 |  3.0
Stealth        | |  7.9
Evocations     | |  4.8

Action                   |  1- 3 |  4- 6 || total
-------------------------+-------+-------++-------
Melee: Dagger            |    96 |   110 ||   206
       Bite              |     7 |     5 ||    12
       Punch             |     1 |     2 ||     3
       Staff             |       |    19 ||    19
 Cast: Stone Arrow       |       |     4 ||     4
  Use: Scroll            |     2 |     4 ||     6
       Potion            |     1 |     9 ||    10
 Stab: Sleeping          |    16 |     4 ||    20
Armor: Robe              |    12 |    29 ||    41
       Skin              |       |    25 ||    25
Dodge: Dodged            |    46 |    85 ||   131

Levels and vault maps discovered:
D:1:      dpeg_arrival_boxorama, layout_basic, minmay_crystal_room
D:2:      layout_rooms, serial_shops, shop, minmay_misc_feat_nine_boxes,
          st_stairs_3, serial_bayou_crossing
D:3:      layout_loops_ring, grunt_ashenzari_visionary
          [grunt_ashenzari_visionary_swamp, grunt_ashenzari_visionary_spider],
          eino_curves_04, uniq_robin
D:4:      layout_layer_cave, minitemple, nrook_mini_vaults, nrook_uturn

Notes
Turn   | Place    | Note
-------+----------+-------------------------------------------
     0 | D:1      | spaghetti the Gnoll Wanderer began the quest for the Orb.
     0 | D:1      | spaghetti set off with the following items: a +2 dagger
                  | {short}, 2 potions of might, a +0 short sword {short}, a
                  | potion of curing {@q1}, a +0 robe
     0 | D:1      | Reached XP level 1. HP: 13/13 MP: 2/2
     0 | D:1      | magus.rc [v1.9.6]
   145 | D:1      | Reached XP level 2. HP: 19/19 MP: 3/3
   213 | D:1      | You pick up a book of Displacement and begin reading...
   213 | D:1      | You add the spells Lesser Beckoning, Gell's Gravitas and
                  | Teleport Other to your library.
   219 | D:1      | You pick up a book of Geomancy and begin reading...
   219 | D:1      | You add the spells Sandblast, Passwall and Stone Arrow to
                  | your library.
   473 | D:1      | Reached XP level 3. HP: 15/25 MP: 4/4
  1191 | D:2      | You pick up a book of Touch and begin reading...
  1191 | D:2      | You add the spells Static Discharge, Sticky Flame and
                  | Dispel Undead to your library.
  1387 | D:2      | Found Putihear's Magic Scroll Shop.
  1461 | D:2      | Bought a scroll of identify for 20 gold pieces
  1558 | D:2      | Reached skill level 1 in Fighting
  1558 | D:2      | Reached skill level 1 in Long Blades
  1558 | D:2      | Reached skill level 1 in Axes
  1558 | D:2      | Reached skill level 1 in Maces & Flails
  1558 | D:2      | Reached skill level 1 in Polearms
  1558 | D:2      | Reached skill level 1 in Staves
  1558 | D:2      | Reached skill level 1 in Slings
  1558 | D:2      | Reached skill level 1 in Bows
  1558 | D:2      | Reached skill level 1 in Crossbows
  1558 | D:2      | Reached skill level 1 in Throwing
  1558 | D:2      | Reached skill level 1 in Shields
  1558 | D:2      | Reached skill level 1 in Unarmed Combat
  1558 | D:2      | Reached skill level 1 in Spellcasting
  1559 | D:2      | Reached XP level 4. HP: 26/32 MP: 6/6
  1568 | D:2      | HP: 8/32 [hobgoblin (5)]
  1570 | D:2      | HP: 3/32 [poisoned by an adder]
  2204 | D:3      | Reached skill level 1 in Conjurations
  2204 | D:3      | Reached skill level 1 in Hexes
  2204 | D:3      | Reached skill level 1 in Summonings
  2204 | D:3      | Reached skill level 1 in Necromancy
  2204 | D:3      | Reached skill level 1 in Translocations
  2204 | D:3      | Reached skill level 1 in Transmutations
  2204 | D:3      | Reached skill level 1 in Fire Magic
  2204 | D:3      | Reached skill level 1 in Ice Magic
  2204 | D:3      | Reached skill level 1 in Air Magic
  2204 | D:3      | Reached skill level 1 in Earth Magic
  2204 | D:3      | Reached skill level 1 in Poison Magic
  2346 | D:3      | Noticed Robin
  2365 | D:3      | HP: 8/32 [hobgoblin[Robin] (7)]
  2370 | D:3      | Killed Robin
  2371 | D:3      | Reached skill level 3 in Invocations
  2371 | D:3      | Reached XP level 5. HP: 10/37 MP: 7/7
  2658 | D:3      | Reached skill level 3 in Short Blades
  2658 | D:3      | Reached skill level 3 in Armour
  2658 | D:3      | Reached skill level 3 in Dodging
  3004 | D:3      | You pick up a book of Cantrips and begin reading...
  3004 | D:3      | You add the spells Necrotize, Summon Small Mammal and
                  | Apportation to your library.
  3023 | D:3      | You pick up a book of Geomancy and begin reading...
  3125 | D:3      | Learned a level 3 spell: Stone Arrow
  3130 | D:3      | Learned a level 4 spell: Sticky Flame
  3140 | D:3      | Found a broken altar of Ashenzari.
  3144 | D:3      | Saw a vision of the Swamp and the Spider Nest.
  3144 | D:3      | Noticed a redback
  3144 | D:3      | Noticed a redback
  3144 | D:3      | Noticed a goliath frog
  3144 | D:3      | Noticed a will-o-the-wisp
  3148 | D:3      | Noticed a hornet
  3148 | D:3      | Noticed a wolf spider
  3178 | D:3      | You pick up a book of Debilitation and begin reading...
  3178 | D:3      | You add the spells Slow, Vampiric Draining and Confusing
                  | Touch to your library.
  3674 | D:4      | Noticed a steam dragon
  3689 | D:4      | HP: 9/37 [steam dragon (6)]
  3690 | D:4      | Gained mutation: You are robust. (+10% HP) [potion of
                  | mutation]
  3690 | D:4      | Lost mutation: You are robust. (+10% HP) [potion of
                  | mutation]
  3690 | D:4      | Gained mutation: You are frail. (-10% HP) [potion of
                  | mutation]
  3690 | D:4      | Gained mutation: You have sharp toenails. [potion of
                  | mutation]
  3693 | D:4      | HP: 3/33 [steam dragon (3)]
  3694 | D:4      | HP: 1/33 [steam dragon (3)]
  3695 | D:4      | Slain by a steam dragon

Vanquished Creatures
  An orc wizard (D:3)
  Robin (D:3)
  7 adders
  A dart slug (D:1)
  4 orcs (D:3)
  4 ball pythons
  8 endoplasms
  3 giant cockroaches
  12 goblins
  7 hobgoblins
  3 jackals (D:3)
  7 quokkas
  4 bats
  3 frilled lizards
  5 kobolds
  9 rats
79 creatures vanquished.

Vanquished Creatures (others)
  2 fungi (D:3)
  4 plants
6 creatures vanquished.

Grand Total: 85 creatures vanquished

Table legend:
 A = Non-vault XP
 B = Vault XP
 C = Vault XP percentage of total XP
 D = Non-vault monster count
 E = Vault monster count
 F = Vault count percentage of total count
                 A         B        C        D         E       F
            +---------+---------+-------+---------+---------+-------
      Total |     190 |      79 |  29.4 |      63 |      16 |  20.3
            +---------+---------+-------+---------+---------+-------
        D:1 |      37 |       0 |   0.0 |      21 |       0 |   0.0
        D:2 |      44 |      40 |  47.6 |      20 |       3 |  13.0
        D:3 |      95 |      39 |  29.1 |      21 |      13 |  38.2
        D:4 |      14 |       0 |   0.0 |       1 |       0 |   0.0
            +---------+---------+-------+---------+---------+-------

Illustrated notes

Table legend:
 A = Kills in this place as a percentage of kills in entire the game.
 B = Kills by you in this place as a percentage of kills by you in the entire game.
 C = Kills by friends in this place as a percentage of kills by friends in the entire game.
 D = Other kills in this place as a percentage of other kills in the entire game.
 E = Experience gained in this place as a percentage of experience gained in the entire game.
 F = Experience gained in this place divided by the number of levels of this place that you have seen.
                   A       B       C       D       E      F
               +-------+-------+-------+-------+-------+----------------------
         Total | 100.0 | 100.0 |   N/A |   N/A | 100.0 |  67.2
       Dungeon | 100.0 | 100.0 |   N/A |   N/A | 100.0 |  67.2
               +-------+-------+-------+-------+-------+----------------------

Table legend: (Time is in decaauts)
 A = Elapsed time spent in this place.
 B = Non-inter-level travel time spent in this place.
 C = Inter-level travel time spent in this place.
 D = Time resting spent in this place.
 E = Time spent auto-exploring this place.
 F = Levels seen in this place.
 G = Mean time per level.
                   A        B        C        D        E       F      G
               +--------+--------+--------+--------+--------+-----+--------+
         Total |   3676 |   3615 |     61 |     52 |   3011 |   4 |  919.0 |
       Dungeon |   3676 |   3615 |     61 |     52 |   3011 |   4 |  919.0 |
               +--------+--------+--------+--------+--------+-----+--------+

Top non-repeatable levels by time:
     D:2: 1348 daAuts
     D:3: 1336 daAuts
     D:1: 821 daAuts
     D:4: 169 daAuts
